AoeStats
← savvas1987

Black Forest

509973781Analyzed
3v3 RM · 2d ago on Sep 28, 2026· 42m 20s· 6 players
Game mode
Random Map
Map size
Normal (6 player)
Population
200
Speed
Normal
Resources
Standard
Victory
Conquest
Starting age
Dark Age
Ending age
Imperial Age
RankedLock teamsTeams togetherTeam positionsShared explorationLock speedFull tech treeHidden civsTurbo modeCheats
Victory
Defeat
🇺🇸 Aztecs · United States
805
+17
🇺🇸 Franks · United States
744
+20
🇨🇴 Britons · Colombia
673
+22
🇨🇱 Ethiopians · Chile
907
-23
🇦🇺 Slavs · Australia
880
-22
🇬🇷 Bohemians · Greece
678
-14
Phobos scattered my army
0:29 Loom
13:10 Feudal Age
21:05 Castle Age
24:30 Squires
24:39 Scale Mail Armor
24:57 Arson
25:35 Forging
26:30 Chain Mail Armor
27:33 Iron Casting
34:16 Imperial Age
39:03 Garland Wars
38:40 Gold Mining
41:14 Double-Bit Axe
42:07 Gold Shaft Mining
41:00 Elite Jaguar Warrior
42:03 Conscription
42:16 Fishing Lines
RoyalPain
0:32 Loom
14:09 Feudal Age
16:24 Wheelbarrow
17:02 Double-Bit Axe
19:42 Castle Age
18:52 Gold Mining
19:06 Stone Mining
21:42 Bow Saw
23:04 Hand Cart
28:04 Gold Shaft Mining
29:58 Caravan
35:22 Imperial Age
32:41 Fishing Lines
34:43 Scale Barding Armor
34:49 Forging
34:53 Husbandry
35:52 Chain Barding Armor
36:07 Gillnets
36:17 Cavalier
38:09 Iron Casting
38:10 Plate Barding Armor
38:14 Paladin
40:12 Conscription
42:38 Blast Furnace
42:42 Chemistry
42:02 Ballistics
41:50 Siege Engineers
Aleko Bart
1:14 Loom
16:05 Feudal Age
18:34 Double-Bit Axe
25:14 Castle Age
23:46 Fletching
24:45 Wheelbarrow
24:55 Horse Collar
25:34 Crossbowman
26:47 Bow Saw
32:38 Husbandry
32:50 Heavy Plow
33:17 Hand Cart
34:18 Caravan
34:49 Coinage
36:47 Scale Barding Armor
36:53 Forging
43:53 Imperial Age
42:53 Chain Barding Armor
Necropulpectomía
0:27 Loom
11:38 Feudal Age
13:23 Wheelbarrow
12:38 Double-Bit Axe
14:02 Horse Collar
16:59 Castle Age
18:28 Bow Saw
18:31 Heavy Plow
20:57 Hand Cart
23:33 Gold Mining
26:20 Gold Shaft Mining
AussieHoon
1:52 Loom
12:00 Feudal Age
15:17 Wheelbarrow
18:01 Castle Age
15:57 Double-Bit Axe
20:45 Gold Mining
23:28 Horse Collar
26:00 Bow Saw
27:20 Heavy Plow
savvas1987
14:37 Feudal Age
19:42 Castle Age
36:43 Imperial Age
Connection lost

Rejoining the realm…

Still unreachable

The connection could not be restored.

Session expired

The server has moved on; the page needs a fresh start.